 Dungeon Crawl Stone Soup version 0.19-a0-1384-gbb462ca (webtiles) character file.

107 shnurlf the Skirmisher (level 4, -5/37 HPs)
             Began as a Mummy Monk on Sept 3, 2016.
             Slain by a gnoll
             ... wielding a +0 halberd
              (14 damage)
             ... on level 2 of the Dungeon.
             The game lasted 00:05:54 (3788 turns).

shnurlf the Skirmisher (Mummy Monk)                 Turns: 3788, Time: 00:05:54

Health: -5/37      AC:  1    Str: 14    XL:     4   Next: 57%
Magic:  4/4        EV: 13    Int:  9    God:
Gold:   164        SH:  0    Dex: 15    Spells: 0 memorised, 3 levels left

rFire  x . .     SeeInvis .       - Unarmed
rCold  + + .     Gourm    .     (no armour)
rNeg   + + +     Faith    .     (no shield)
rPois  ∞         Spirit   .     (no helmet)
rElec  .         Dismiss  .     (no cloak)
rCorr  .         Reflect  .     (no gloves)
MR     .....     Harm     .     d - +0 pair of boots
Stlth  ++........               (no amulet)
                                (no ring)
                                c - ring of protection from cold

@: no status effects
A: no food or potions, fire vulnerability, cold resistance 1, negative energy
resistance 3, torment resistance, unbreathing
a: no special abilities


You were on level 2 of the Dungeon.
You were not hungry.

You visited 1 branch of the dungeon, and saw 3 of its levels.

You collected 164 gold pieces.

Inventory:

Armour
 d - a +0 pair of boots (worn)
Jewellery
 c - a ring of protection from cold (left hand)
Scrolls
 e - 2 scrolls of magic mapping {unknown}
 f - a scroll of enchant armour {unknown}
 g - a scroll of remove curse {unknown}
 h - 3 scrolls of identify {unknown}
 i - a scroll of recharging {unknown}
 j - a scroll of teleportation {unknown}
Comestibles
 b - 3 bread rations (quivered)


   Skills:
 + Level 3.7 Fighting
 + Level 3.1 Dodging
 - Level 1.5 Stealth
 * Level 3.4 Unarmed Combat


You had 3 spell levels left.
You didn't know any spells.

Dungeon Overview and Level Annotations

Branches:
Dungeon (3/15)

Altars:
Qazlal


Innate Abilities, Weirdness & Mutations

You do not eat or drink.
Your flesh is vulnerable to fire.
You are immune to poison.
Your flesh is cold resistant. (rC+)
You are immune to negative energy. (rN+++)
You are immune to unholy pain and torment.
You can survive without breathing.


Message History

The gnoll hits you with a spear.
You closely miss the gnoll.
The gnoll is heavily wounded.
The gnoll completely misses you.
You hit the gnoll.
The gnoll is almost dead.
The gnoll hits you with a spear.
* * * LOW HITPOINT WARNING * * *
You are too injured to fight recklessly!
You are too injured to fight recklessly!
You are too injured to fight recklessly!
You are too injured to fight recklessly!
You are too injured to fight recklessly!
You are too injured to fight recklessly!
You are too injured to fight recklessly!
You are too injured to fight recklessly!
You are too injured to fight recklessly!
You are too injured to fight recklessly!
The gnoll hits you from afar with a halberd!
You die...

#.#######.###################.#
#.........#.............(.....#
#.#######.#.#################.#
#§# #.........................#
#.# #.#.#.#.###################
#S###.###.#............# #####
#.#.....#.#..#########.# #...#
#.#.#...#.#..#########.###...##
#.#.#####.#..#@........##....†.
#.#.......#..#g##########.#####
#.############g#g..............
#(.............#.########....#.
################.#.###.#.....#.#.
..# #.............g............
..#####.########.#J###...###.#.#.
.................#.# ##### #...#.
..#####.......####.#########.###.


You could see 2 gnolls.

Vanquished Creatures
  A gnoll (D:1)
  4 adders (D:2)
  2 worms (D:2)
  2 dart slugs
  2 giant geckos (D:1)
  A ball python (D:1)
  9 bats
  4 giant cockroaches
  5 goblins
  4 hobgoblins
  7 kobolds (D:1)
  A quokka (D:2)
  3 giant newts
  4 rats (D:1)
49 creatures vanquished.

Notes
Turn   | Place    | Note
-------+----------+-------------------------------------------
     0 | D:1      | shnurlf the Mummy Monk began the quest for the Orb.
     0 | D:1      | Reached XP level 1. HP: 18/18 MP: 1/1
    60 | D:1      | Reached XP level 2. HP: 6/24 MP: 2/2
  1313 | D:1      | Reached XP level 3. HP: 25/29 MP: 3/3
  2402 | D:2      | Reached XP level 4. HP: 21/36 MP: 4/4
  2797 | D:2      | Found a stormy altar of Qazlal.
  3195 | D:2      | HP: 1/37 [adder (2)]
  3788 | D:2      | Slain by a gnoll

Vault maps used:
D:1:      dpeg_arrival_shelter
D:2:      lemuel_doored_altar
D:3:      grunt_ministairs_15

Skill      XL: |  1  2  3 |
---------------+----------+-----
Unarmed Combat | 3 |  3.4
Dodging        | 3 |  3.1
Fighting       | |  3.7
Stealth        | |  1.5

Action                   |  1- 3 |  4- 6 || total
-------------------------+-------+-------++-------
Melee: Unarmed           |   168 |    78 ||   246
       Punch             |     1 |       ||     1
  Use: Scroll            |       |     1 ||     1
 Stab: Sleeping          |     5 |       ||     5
Armor: Skin              |     7 |     5 ||    12
Dodge: Dodged            |   132 |    44 ||   176
